 Dungeon Crawl Stone Soup version 0.19.3 (webtiles) character file.

126 Peloso the Covered (level 4, -6/41 HPs)
             Began as a Minotaur Fighter on Jan 23, 2017.
             Killed from afar by an orc wizard (8 damage)
             ... with a puff of flame
             ... on level 3 of the Dungeon.
             The game lasted 00:03:36 (1148 turns).

Peloso the Covered (Minotaur Fighter)               Turns: 1148, Time: 00:03:37

Health: -6/41      AC:  9    Str: 17 (20) XL:     4   Next: 84%
Magic:  3/3        EV:  5    Int:  4 (5)  God:
Gold:   100        SH:  9    Dex:  8 (11) Spells: 0 memorised, 3 levels left

rFire  . . .     SeeInvis .     a - +0 long sword
rCold  . . .     Gourm    .     g - +0 chain mail
rNeg   . . .     Faith    .     c - +0 shield
rPois  .         Spirit   .     (helmet restricted)
rElec  .         Reflect  .     (no cloak)
rCorr  .         Harm     .     (no gloves)
MR     .....                    (no boots)
Stlth  ..........               (no amulet)
                                (no ring)
                                (no ring)

@: flying
A: retaliatory headbutt, horns 2
a: no special abilities


You were on level 3 of the Dungeon.
You were not hungry.

You visited 1 branch of the dungeon, and saw 3 of its levels.

You collected 100 gold pieces.

Inventory:

Hand Weapons
 a - a +0 long sword (weapon)
Armour
 c - a +0 shield (worn)
 g - a +0 chain mail (worn)
Scrolls
 b - a scroll of fear {unknown}
 h - 2 scrolls of identify
 j - a scroll of amnesia {unknown}
 n - a scroll of immolation {unknown}
 o - a scroll of teleportation {unknown}
 p - a scroll of blinking {unknown}
Potions
 d - 2 potions of might
 e - a potion of flight
 i - 2 potions of degeneration
Comestibles
 f - 2 bread rations
 k - a chunk of flesh
 l - 2 meat rations
 m - a beef jerky


   Skills:
 + Level 4.3 Fighting
 + Level 4.3 Long Blades
 + Level 4.4 Armour
 + Level 0.2 Dodging
 + Level 4.3 Shields


You had 3 spell levels left.
You didn't know any spells.

Dungeon Overview and Level Annotations

Branches:
Dungeon (3/15)

Altars:
Fedhas


Innate Abilities, Weirdness & Mutations

You reflexively headbutt those who attack you in melee.
You have a pair of horns on your head.


Message History

* * * LOW HITPOINT WARNING * * *
You hear some strange, mumbled words.
A puff of flame appears from out of thin air!
The puff of flame hits you!
* * * LOW HITPOINT WARNING * * *
It was a potion of degeneration.
There was something very wrong with that liquid.
You feel weakened.
You feel dopey.
You feel clumsy. Something hits you.
* * * LOW HITPOINT WARNING * * *
It was a potion of flight.
You feel very buoyant.
You fly up into the air.
Something hits you but does no damage. Something completely misses you.
You miss something. Something hits you but does no damage.
You miss something. Something hits you but does no damage.
You hear some strange, mumbled words.
A puff of flame appears from out of thin air!
The puff of flame hits you!
You die...

######### #......#
........# #......#
........# #......#
........#
#.>....###
........# #........
......$.## #......#
.?.......###......#
.......<......#.#
#####..o......#@#
###......o#{#
#.......)o#
##......o.#####.#
####..##........
##?##...##...
#....#.# ##.......#
###..#..#


You could see 2 orcs.

Vanquished Creatures
  A hound (D:3)
  Jessica (D:2)
  An adder (D:3)
  2 worms (D:2)
  2 dart slugs (D:1)
  A leopard gecko (D:2)
  4 orcs (D:3)
  A ball python (D:2)
  6 bats
  A giant cockroach (D:1)
  4 goblins
  8 hobgoblins
  2 jackals (D:2)
  3 kobolds (D:1)
  A quokka (D:2)
  2 frilled lizards (D:2)
  5 rats
45 creatures vanquished.

Notes
Turn   | Place    | Note
-------+----------+-------------------------------------------
     0 | D:1      | Peloso the Minotaur Fighter began the quest for the Orb.
     0 | D:1      | Reached XP level 1. HP: 19/19 MP: 0/0
   112 | D:1      | Reached XP level 2. HP: 18/27 MP: 1/1
   578 | D:2      | Reached XP level 3. HP: 32/33 MP: 2/2
   769 | D:2      | Noticed Jessica
   771 | D:2      | Killed Jessica
   771 | D:2      | Reached XP level 4. HP: 40/40 MP: 3/3
  1099 | D:3      | Found a blossoming altar of Fedhas.
  1144 | D:3      | HP: 2/41 [something/puff of flame (5)]
  1148 | D:3      | Killed from afar by an orc wizard

Skill      XL: |  1  2  3  4 |
---------------+-------------+-----
Shields        | 4 |  4.3
Armour         | 4 |  4.4
Long Blades    | 3 4 |  4.3
Fighting       | 4 |  4.3
Dodging        | |  0.2

Action                   |  1- 3 |  4- 6 || total
-------------------------+-------+-------++-------
Melee: Long sword        |    59 |    49 ||   108
       Headbutt          |    13 |     8 ||    21
  Use: Scroll            |     1 |       ||     1
       Potion            |       |     2 ||     2
  Eat: Chunk             |       |     1 ||     1
Armor: Scale mail        |     3 |       ||     3
       Chain mail        |    24 |    30 ||    54
Dodge: Dodged            |    16 |    18 ||    34
Block: Shield            |    28 |    26 ||    54
       Rpst.: Long sword |     4 |     5 ||     9
